 Dungeon Crawl Stone Soup version 0.18.1-48-g4cf74bf (webtiles) character file.

204 HolyGrifer the Ducker (level 5, -3/48 HPs)
             Began as a Troll Earth Elementalist on Aug 16, 2016.
             Slain by an orc
             ... wielding a +0 flail
              (9 damage)
             ... on level 3 of the Dungeon.
             The game lasted 00:11:43 (1340 turns).

HolyGrifer the Ducker (Troll Earth Elementalist)    Turns: 1340, Time: 00:11:44

Health: -3/48      AC:  5    Str: 16    XL:     5   Next: 52%
Magic:  6/6        EV: 10    Int: 12    God:
Gold:   79         SH:  0    Dex: 10    Spells: 1 memorised, 6 levels left

rFire  . . .     SeeInvis .       - Unarmed
rCold  . . .     Gourm    +     l - +0 robe
rNeg   . . .     Faith    .     (no shield)
rPois  .         Spirit   .     (helmet restricted)
rElec  .         Dismiss  +     (no cloak)
rCorr  .         Reflect  .     (gloves unavailable)
SustAt .         Harm     .     (boots unavailable)
MR     .....     Rnd*Tele +     k - amulet of dismissal
Stlth  +.........               (no ring)
                                a - ring of teleportation (curse)

@: starving, not resistant to hostile enchantments, very unstealthy
A: unfitting armour, claws 3, fast metabolism 3, gourmand, regeneration 2,
shaggy fur 1, tough skin 2
a: no special abilities


You were on level 3 of the Dungeon.
You were starving.

You visited 1 branch of the dungeon, and saw 3 of its levels.

You collected 79 gold pieces.

Inventory:

Missiles
 b - 73 stones (quivered)
Armour
 l - a +0 robe (worn)
 m - a +0 robe
Jewellery
 a - a cursed ring of teleportation (left claw)
 k - an amulet of dismissal (around neck)
Scrolls
 f - 2 scrolls of immolation
 g - a scroll of identify
Potions
 e - a potion of degeneration {unknown}
Books
 c - a book of Geomancy

   Spells                             Type                      Level
   a - Sandblast                      Earth                        1
   b - Passwall                       Transmutation/Earth          2
   c - Stone Arrow                    Conjuration/Earth            3
   d - Petrify                        Transmutation/Earth          4
   e - Lee's Rapid Deconstruction     Earth                        5
Comestibles
 d - 4 bread rations
 h - 4 fruits
 j - a meat ration


   Skills:
 + Level 1.3 Fighting
 + Level 3.3 Dodging
 + Level 1.3 Stealth
 + Level 1.5 Unarmed Combat
 + Level 1.8 Spellcasting
   Level 0.6 Transmutations
 + Level 3.2 Earth Magic


You had 6 spell levels left.
You knew the following spells:

 Your Spells              Type           Power        Failure   Level  Hunger
a - Sandblast             Erth           #.....       10%         1    ##.....


Dungeon Overview and Level Annotations

Branches:
Dungeon (3/15)

Altars:


Innate Abilities, Weirdness & Mutations

You are too large for most types of armour.
You have claws for hands.
Your metabolism is lightning-fast.
You like to eat raw meat.
You heal very quickly.
You are covered in fur (AC +1).
You have very tough skin (AC +2).


Message History

The orc is lightly wounded.
The crimson imp blinks!
You closely miss the orc.
The orc is lightly wounded.
The orc hits you with a flail!
* * * LOW HITPOINT WARNING * * *
You barely miss the orc.
The orc is lightly wounded.
The orc hits you with a flail.
* * * LOW HITPOINT WARNING * * *
The crimson imp blinks!
The orc hits you with a flail.
* * * LOW HITPOINT WARNING * * *
The crimson imp blinks!
The orc hits you with a flail.
* * * LOW HITPOINT WARNING * * *
You open the door.
The crimson imp blinks!
There is an open door here.
A bat comes into view.
The orc hits you with a flail!
You die...

#$. #.)!# #
#.wg ##.)[#
Zh##....#
###...##
###....#
####..5..##
###.......##
#.o......##
#@#....###
#...######
#.... #.....
#......
#......b
#......#.
#.........


You could see a crimson imp, an orc and a bat (sleeping).

Vanquished Creatures
  Sigmund (D:2)
  A dart slug (D:1)
  2 giant geckos
  2 giant cockroaches (D:2)
  3 hobgoblins
  7 jackals (D:1)
  4 kobolds
  A quokka (D:3)
  A ball python (D:2)
  4 bats
  2 giant newts (D:2)
  6 goblins
  3 rats (D:1)
37 creatures vanquished.

Notes
Turn   | Place    | Note
--------------------------------------------------------------
     0 | D:1      | HolyGrifer the Troll Earth Elementalist began the quest for the Orb.
     0 | D:1      | Reached XP level 1. HP: 16/16 MP: 1/1
   194 | D:1      | Reached XP level 2. HP: 16/24 MP: 0/3
   579 | D:2      | Reached XP level 3. HP: 31/31 MP: 4/4
   762 | D:2      | Paralysed by fainting for 11 turns
   786 | D:2      | Paralysed by fainting for 10 turns
  1136 | D:2      | Noticed Sigmund
  1174 | D:2      | Killed Sigmund
  1174 | D:2      | Reached skill level 1 in Fighting
  1174 | D:2      | Reached skill level 1 in Unarmed Combat
  1174 | D:2      | Reached XP level 4. HP: 16/41 MP: 5/5
  1174 | D:2      | Reached XP level 5. HP: 19/48 MP: 6/6
  1340 | D:3      | Slain by an orc

Skill      XL: |  1  2  3 |
---------------+----------+-----
Earth Magic    | 3 |  3.2
Dodging        | 2 3 |  3.3
Fighting       | 1 |  1.3
Unarmed Combat | 1 |  1.5
Stealth        | |  1.3
Spellcasting   | |  1.8
Transmutations | |  0.6

Action                   |  1- 3 |  4- 6 || total
-------------------------+-------+-------++-------
Melee: Unarmed           |   145 |    12 ||   157
       Scythe            |       |    10 ||    10
 Cast: Sandblast         |    11 |     1 ||    12
  Use: Scroll            |     2 |       ||     2
  Eat: Chunk             |     7 |       ||     7
       Fruit             |     1 |       ||     1
Armor: Robe              |    87 |    19 ||   106
Dodge: Dodged            |   124 |    35 ||   159
